 Dungeon Crawl Stone Soup version 0.24-a0-423-g6870c0f642 (webtiles) character file.

Game seed: 17110968629144692065

106787 Corto the Geomancer (level 16, -3/99 HPs)
             Began as a Gargoyle Earth Elementalist on June 12, 2019.
             Was a High Priest of Vehumet.
             Slain by an ice beast (18 damage)
             ... summoned by a deep elf mage
             ... on level 2 of the Elven Halls on June 13, 2019.
             The game lasted 03:36:27 (37908 turns).

Corto the Geomancer (Gargoyle Earth Elementalist)  Turns: 37908, Time: 03:36:28

Health: -3/99      AC: 31    Str: 12    XL:     16   Next: 45%
Magic:  17/30      EV: 17    Int: 23    God:    Vehumet [*****.]
Gold:   1752       SH:  6    Dex: 10    Spells: 8/35 levels left

rFire    + . .     SeeInvis .   V - +5 mace (protect)
rCold    x . .     Gourm    .   P - +0 buckler {AC+3}
rNeg     + . .     Faith    .   O - +0 steam dragon scales
rPois    ∞         Spirit   .   a - +0 helmet
rElec    +         Reflect  +   e - +2 cloak
rCorr    .         Harm     .   k - +2 pair of gloves
MR       +....                  K - +1 pair of boots
Stlth    ++........             x - +2 amulet of reflection
HPRegen  0.26/turn              D - +1 ring of evasion
MPRegen  0.22/turn              i - ring of fire

@: about to teleport, flying
A: big wings, negative energy resistance 1, electricity resistance, unbreathing,
petrification resistance, rot immunity, AC +12
a: Stop Flying, Renounce Religion


You were on level 2 of the Elven Halls.
You worshipped Vehumet.
Vehumet was extremely pleased with you.
You were not hungry.

You visited 5 branches of the dungeon, and saw 23 of its levels.
You also visited: Ossuary.

You collected 2046 gold pieces.
You spent 294 gold pieces at shops.

Inventory:

Hand Weapons
 c - a +3 flail of venom
 C - a +2 mace of holy wrath
 I - a +4 mace of freezing
 V - a +5 mace of protection (weapon)
Missiles
 b - 92 stones (quivered)
Armour
 a - a +0 helmet (worn)
 e - a +2 cloak (worn)
 k - a +2 pair of gloves (worn)
 G - the cursed +0 buckler "Duikabiahus" {rElec Regen+ Dex-4 Stlth-}
   (You took it off a deep elf mage on level 1 of the Elven Halls)

   It affects your dexterity (-4).
   It insulates you from electricity.
   It increases your rate of regeneration.
   It makes you less stealthy.
   It has a curse placed upon it.
 K - a +1 pair of boots (worn)
 O - +0 steam dragon scales (worn)
 P - a +0 buckler of protection (worn)
 U - a +2 robe of cold resistance
Jewellery
 i - a ring of fire (right hand)
 x - a +2 amulet of reflection (around neck)
 D - a +1 ring of evasion (left hand)
 M - an uncursed amulet of magic regeneration
 Q - an uncursed ring of resist corrosion
Wands
 f - a wand of disintegration (43)
 g - a wand of digging (8)
 l - a wand of flame (16)
 y - a wand of polymorph (11)
 L - a wand of random effects (14)
 N - a wand of acid (8)
Scrolls
 n - 8 scrolls of teleportation {@r4}
 o - 2 scrolls of enchant weapon
 p - a scroll of identify {@r9}
 q - 2 scrolls of enchant armour
 z - a scroll of magic mapping
 B - a scroll of remove curse {@r8}
 T - a scroll of silence {unknown}
Potions
 h - 3 potions of invisibility
 j - 2 potions of agility
 m - 7 potions of cancellation
 r - 5 potions of lignification {!q}
 s - 2 potions of might
 t - 3 potions of heal wounds {@q2}
 u - 4 potions of curing {@q1}
 v - 3 potions of mutation {!q}
 w - 2 potions of resistance
 A - 3 potions of magic
 E - 2 potions of brilliance
 F - a potion of haste {@q3}
 J - a potion of berserk rage
 R - a potion of flight
Miscellaneous
 S - a phantom mirror
Comestibles
 d - 18 rations


   Skills:
 + Level 10.8 Fighting
 + Level 9.9 Maces & Flails
 - Level 6.0 Armour
 + Level 8.6 Dodging
 - Level 2.1 Stealth
 - Level 4.0 Shields
 + Level 10.3 Spellcasting
 + Level 10.9 Conjurations
   Level 0.7 Transmutations
 + Level 9.8 Fire Magic
 + Level 13.3 Earth Magic
 + Level 9.1 Evocations


You had 8 spell levels left.
You knew the following spells:

 Your Spells              Type           Power        Failure   Level  Hunger
a - Stone Arrow           Conj/Erth      ######       1%          3    None
b - Sticky Flame          Conj/Fire      ######..     1%          4    #......
c - Bolt of Magma         Conj/Fire/Erth #######...   1%          5    ####...
d - Lee's Rapid Deconstr  Erth           ######....   1%          5    ####...
e - Bolt of Fire          Conj/Fire      ######....   3%          6    ######.
f - Conjure Flame         Conj/Fire      ######..     1%          3    None
g - Sandblast             Erth           ######       0%          1    None

Your spell library contained the following spells:

 Spells                   Type           Power        Failure   Level  Hunger
 Poison Arrow             Conj/Pois      #####.....   22%         6    ######.
 Magic Dart               Conj           ####         1%          1    None
 Shock                    Conj/Air       ####         1%          1    None
 Sting                    Conj/Pois      ####         1%          1    None
 Passwall                 Tmut/Erth      #####...     1%          2    None
 Searing Ray              Conj           ######       1%          2    None
 Dazzling Spray           Conj/Hex       #####.       1%          3    None
 Mephitic Cloud           Conj/Pois/Air  ####....     1%          3    None
 Static Discharge         Conj/Air       #####...     1%          3    None
 Force Lance              Conj/Tloc      #####...     1%          4    #......
 Fulminant Prism          Conj/Hex       #####.....   1%          4    #......
 Iskenderun's Mystic Bla  Conj           ######..     1%          4    #......
 Petrify                  Tmut/Erth      #####...     3%          4    #......
 Beastly Appendage        Tmut           ###...       4%          1    None
 Lightning Bolt           Conj/Air       #####.....   4%          5    ####...
 Venom Bolt               Conj/Pois      #####.....   4%          5    ####...
 Animate Skeleton         Necr           N/A          5%          1    None
 Pain                     Necr           ##..         5%          1    None
 Sticks to Snakes         Tmut           ###.....     6%          2    None
 Poisonous Vapours        Pois/Air       ##....       9%          2    None
 Swiftness                Chrm/Air       ##......     9%          2    None
 Spider Form              Tmut/Pois      ##........   14%         3    None
 Airstrike                Air            ##........   14%         4    #......
 Olgreb's Toxic Radiance  Pois           ##......     14%         4    #......
 Regeneration             Chrm/Necr      ##........   16%         3    None
 Vampiric Draining        Necr           ##........   16%         3    None
 Freezing Cloud           Conj/Ice/Air   ####......   41%         6    ######.
 Ice Form                 Ice/Tmut       ##......     43%         4    #......
 Animate Dead             Necr           N/A          47%         4    #......
 Blade Hands              Tmut           ###.......   75%         5    ####...
 Ring of Flames           Chrm/Fire      ######....   99%         7    #######


Dungeon Overview and Level Annotations

Branches:
Dungeon (12/15)            Temple (1/1) D:7            Lair (6/6) D:9
  Swamp (0/4) Lair:2       Spider (0/4) Lair:2        Slime (0/5) Lair:5
    Orc (2/2) D:12            Elf (2/3) Orc:2

Altars:
Ashenzari
Cheibriados
Dithmenos
Elyvilon
Fedhas
Gozag
Hepliaklqana
Kikubaaqudgha
Makhleb
Nemelex Xobeh
Okawaru
Qazlal
Ru
Sif Muna
Trog
Uskayaw
Vehumet
Wu Jian
Xom
Yredelemnul
Zin
The Shining One
Beogh

Shops:
D:6 (   D:12 %   Orc:2 [!((

Annotations:
D:3 Terence
D:6 Maurice
D:9 4 runed translucent doors
Lair:6 2 runed translucent doors
Orc:2 Saint Roka
Elf:1 exclusion: Roxanne, Roxanne


Innate Abilities, Weirdness & Mutations

You are resistant to torment.
Your stone body is resilient. (AC +12)
You are immune to poison.
Your large and strong wings let you fly indefinitely.
You resist negative energy. (rN+)
You are resistant to electric shocks. (rElec)
You can survive without breathing.
You are immune to petrification.
You are immune to rotting.


Message History

The +2 battleaxe of flaming falls from the air.
Vehumet accepts your kill.
The deep elf mage gestures wildly while chanting.
The deep elf mage points at you and mumbles some strange words.
The bolt of cold hits the ice beast.
The ice beast completely resists.
The bolt of cold hits you!!!
You feel a terrible chill!
As you read the scroll of teleportation {@r4}, it crumbles to dust.
You feel strangely unstable.
The deep elf mage casts a spell.
The deep elf mage blinks!
You block the deep elf knight's attack. The ice beast misses you.
The deep elf mage gestures at you while chanting.
The bolt of cold hits the ice beast.
The ice beast completely resists.
The bolt of cold hits you!!
You feel a terrible chill!
The +1 vampiric glaive hits you from afar!
* * * LOW HITPOINT WARNING * * *
The ice beast hits you.
* * * LOW HITPOINT WARNING * * *
The ice beast freezes you!!
You feel a terrible chill!
You die... ██•••••••••••██•••••••• █••••••••••••••••••••( ██••)•••••••••••••••█ ██••••█•••••••••••█ ██•••███••••••••••█ ██•••██ ██•e••••••█ █•••••███•••••)•••██ ██•••••█••••Y••••••██ █••••••••@Y(••••••••█ ██•••••••••e•••••••••••• ██•█•••██•••██•••██•••• ████•████•████•██ █••█

███
███
███
███


You could see a deep elf knight, a deep elf mage, 2 ice beasts and a +1 vampiric
glaive.

Vanquished Creatures
  A deep elf blademaster (Elf:2)
  An orc warlord (Orc:1)
  A stone giant (Orc:2)
  2 entropy weavers (Lair:4)
  Azrael (Orc:2)
  Snorg (Lair:5)
  A yaktaur captain (D:11)
  4 hydras
  Harold (Lair:1)
  3 catoblepae
  4 two-headed ogres
  3 death yaks
  12 dancing weapons
  A queen ant (Lair:4)
  Sonja (Orc:2)
  10 deep elf knights (Elf:1)
  2 fire crabs (shapeshifter) (Elf:1)
  Pikel (D:6)
  6 deep elf archers (Elf:1)
  A lindwurm (Lair:6)
  An orc knight (D:12)
  34 deep elf magi
  An ugly thing (D:10)
  2 manticores (Lair:5)
  4 orc sorcerers
  A necromancer (Lair:3)
  A wolf spider (Lair:4)
  2 cyclopes
  10 elephants
  3 molten gargoyles (Lair:6)
  12 black mambas
  Joseph (D:7)
  2 centaur skeletons (D:11)
  A torpor snail (Lair:4)
  13 spiny frogs
  5 komodo dragons
  A rime drake (Lair:5)
  7 trolls
  A jumping spider (Lair:2)
  6 hornets
  8 slime creatures
  5 blink frogs (Lair:2)
  12 dream sheep
  Grinder (D:4)
  9 hippogriffs
  2 air elementals (Elf:1)
  A shadow (D:12)
  A redback (Lair:2)
  31 yaks
  2 hungry ghosts
  8 wyverns
  9 fire elementals
  3 basilisks
  A steam dragon (Lair:6)
  Menkaure (D:5)
  26 soldier ants (Lair:4)
  2 wargs
  Edmund (D:6)
  10 water moccasins
  An acid dragon (D:11)
  9 porcupines
  3 sky beasts
  6 hell hounds
  A slave (D:6)
  27 orc warriors
  3 black bears
  4 phantoms
  17 wolves
  5 centaurs
  10 ogres
  2 big kobolds
  12 crocodiles
  12 bullfrogs
  A wyvern zombie (D:12)
  2 earth elementals (Elf:1)
  5 scorpions
  8 killer bees
  8 wights
  2 howler monkeys (D:8)
  2 electric eels (Lair:5)
  2 centaur zombies
  5 crimson imps
  5 lava snakes (Lair:6)
  4 bullfrog zombies
  17 orc priests
  3 human zombies (Ossuary)
  18 jellies
  2 bullfrog skeletons
  5 hounds
  Ijyb (D:4)
  6 iguanas
  21 orc wizards
  26 worker ants
  3 yak simulacra (Lair:3)
  A polar bear simulacrum (Lair:3)
  5 wolf simulacra (Lair:3)
  2 hound zombies
  2 hound skeletons
  4 mummies (Ossuary)
  2 howler monkey skeletons
  4 gnolls (D:4)
  19 adders
  2 shadow imps
  An adder zombie (D:7)
  3 worms
  5 dart slugs
  5 leopard geckos
  87 orcs
  3 giant cockroaches
  13 goblins
  7 hobgoblins
  6 jackals
  6 quokkas
  3 ball pythons (D:3)
  4 bats
  5 frilled lizards
  2 goblin zombies (Ossuary)
  18 kobolds
  2 kobold zombies (Ossuary)
  A leopard gecko skeleton (D:5)
  A quokka zombie (D:6)
  10 rats
  2 river rat simulacra (Lair:3)
781 creatures vanquished.

Vanquished Creatures (others)
  A deep elf mage (Elf:1)
  A centaur (D:8)
  22 fungi
  38 plants
62 creatures vanquished.

Grand Total: 843 creatures vanquished

Notes
Turn   | Place    | Note
-------+----------+-------------------------------------------
     0 | D:1      | Corto the Gargoyle Earth Elementalist began the quest for
                  | the Orb.
     0 | D:1      | Reached XP level 1. HP: 10/10 MP: 3/3
   413 | D:1      | Reached XP level 2. HP: 14/15 MP: 5/5
   442 | D:1      | Reached skill level 4 in Earth Magic
   990 | D:1      | Reached XP level 3. HP: 18/19 MP: 6/6
   995 | D:1      | Learned a level 3 spell: Stone Arrow
  1724 | D:2      | Found a sparkling altar of Nemelex Xobeh.
  1724 | D:2      | Found a radiant altar of Vehumet.
  1724 | D:2      | Found a deep blue altar of Sif Muna.
  1730 | D:2      | Became a worshipper of Vehumet
  2144 | D:2      | Reached XP level 4. HP: 24/24 MP: 4/8
  2399 | D:2      | Found a blossoming altar of Fedhas.
  2419 | D:2      | Reached skill level 5 in Earth Magic
  2924 | D:3      | Noticed Terence
  3282 | D:3      | Reached * piety under Vehumet
  3282 | D:3      | Offered knowledge of Flame Tongue by Vehumet.
  3305 | D:3      | Reached XP level 5. HP: 25/28 MP: 6/10
  3316 | D:3      | Learned a level 1 spell: Flame Tongue
  3495 | D:3      | Found a glowing silver altar of Zin.
  4113 | D:4      | Noticed Ijyb
  4149 | D:4      | Reached skill level 6 in Earth Magic
  4153 | D:4      | Killed Ijyb
  4153 | D:4      | Reached XP level 6. HP: 24/32 MP: 1/12
  4226 | D:4      | Noticed a phantom
  4235 | D:4      | Killed a phantom
  4347 | D:4      | Reached ** piety under Vehumet
  4347 | D:4      | Offered knowledge of Shock by Vehumet.
  4386 | D:4      | Reached skill level 7 in Earth Magic
  4386 | D:4      | Reached XP level 7. HP: 32/36 MP: 9/14
  4400 | D:4      | Found a sand-covered staircase.
  4409 | D:4      | Learned a level 5 spell: Lee's Rapid Deconstruction
  4410 | Ossuary  | Entered an ossuary
  4450 | Ossuary  | Reached skill level 5 in Spellcasting
  4779 | D:4      | Noticed Grinder
  4782 | D:4      | Killed Grinder
  4782 | D:4      | Reached skill level 1 in Fighting
  4782 | D:4      | Reached skill level 1 in Maces & Flails
  4782 | D:4      | Reached skill level 1 in Armour
  4782 | D:4      | Reached skill level 1 in Conjurations
  4782 | D:4      | Reached skill level 1 in Fire Magic
  4782 | D:4      | Reached skill level 1 in Evocations
  4835 | D:4      | Reached XP level 8. HP: 38/43 MP: 15/15
  5313 | D:5      | Entered Level 5 of the Dungeon
  5327 | D:5      | Offered knowledge of Throw Flame by Vehumet.
  5333 | D:5      | Learned a level 2 spell: Throw Flame
  5569 | D:5      | Noticed Menkaure
  5913 | D:5      | Found an ancient bone altar of Kikubaaqudgha.
  6084 | D:5      | Killed Menkaure
  6168 | D:5      | Found a shattered altar of Ashenzari.
  6222 | D:5      | Found a white marble altar of Elyvilon.
  6391 | D:6      | Noticed a hornet
  6406 | D:6      | Killed a hornet
  6647 | D:6      | Noticed Pikel
  6759 | D:6      | Killed Pikel
  6759 | D:6      | Reached skill level 8 in Earth Magic
  6759 | D:6      | Reached XP level 9. HP: 41/50 MP: 0/17
  6900 | D:6      | Reached *** piety under Vehumet
  6968 | D:6      | Noticed Edmund
  6985 | D:6      | Killed Edmund
  7132 | D:6      | Found Hemor's Antique Weapon Emporium.
  8151 | D:7      | Noticed Joseph
  8187 | D:7      | Found a staircase to the Ecumenical Temple.
  8218 | Temple   | Entered the Ecumenical Temple
  8576 | D:7      | HP: 2/51 [Joseph/sling bullet (17)]
  9533 | D:8      | Noticed Maurice
  9565 | D:7      | Upgraded the game from 0.24-a0-422-g9eff3895ba to
                  | 0.24-a0-423-g6870c0f642
 10641 | D:8      | Noticed a two-headed ogre
 11346 | D:8      | Found a hazy altar of Hepliaklqana.
 11350 | D:8      | Found a snail-covered altar of Cheibriados.
 11355 | D:8      | Found a sacrificial altar of Ru.
 11452 | D:8      | Offered knowledge of Sticky Flame by Vehumet.
 11465 | D:8      | Reached XP level 10. HP: 54/56 MP: 0/19
 11502 | D:7      | Learned a level 4 spell: Sticky Flame
 12038 | D:7      | Killed Joseph
 12420 | D:7      | Killed a two-headed ogre
 12902 | D:9      | Found a huge runed translucent gate.
 12903 | D:9      | Found a huge runed translucent gate.
 12903 | D:9      | Found a huge runed translucent gate.
 12903 | D:9      | Found a huge runed translucent gate.
 13081 | D:9      | Reached skill level 9 in Earth Magic
 13183 | D:9      | Noticed a death yak
 13574 | D:9      | Reached skill level 5 in Conjurations
 13787 | D:9      | Noticed a death yak
 13803 | D:9      | Noticed a death yak
 13903 | D:8      | Killed a death yak
 13903 | D:8      | Reached skill level 5 in Fighting
 13903 | D:8      | Reached skill level 5 in Armour
 13903 | D:8      | Reached XP level 11. HP: 26/63 MP: 3/21
 14117 | D:8      | Killed a death yak
 14117 | D:8      | Reached skill level 5 in Maces & Flails
 14158 | D:9      | Killed a death yak
 14327 | D:9      | Found a staircase to the Lair.
 14670 | Lair:1   | Entered Level 1 of the Lair of Beasts
 14670 | Lair:1   | Noticed Harold
 14688 | D:10     | Entered Level 10 of the Dungeon
 14715 | D:10     | Reached skill level 5 in Fire Magic
 15033 | D:10     | Noticed a brown ugly thing
 15657 | D:10     | Reached **** piety under Vehumet
 15769 | D:10     | Offered knowledge of Bolt of Magma by Vehumet.
 15780 | D:10     | Learned a level 5 spell: Bolt of Magma
 16161 | D:10     | Reached skill level 5 in Evocations
 16277 | D:10     | Killed a brown ugly thing
 16277 | D:10     | Reached skill level 5 in Dodging
 16717 | Lair:1   | Killed Harold
 17015 | Lair:1   | Reached XP level 12. HP: 70/70 MP: 20/23
 17055 | Lair:1   | Reached skill level 10 in Earth Magic
 17319 | Lair:1   | You fall into a shaft and drop 1 floor!
 17680 | Lair:2   | Noticed an eight-headed hydra
 17689 | Lair:2   | Killed an eight-headed hydra
 18039 | Lair:2   | Found a staircase to the Swamp.
 18106 | Lair:2   | Found a hole to the Spider Nest.
 18288 | Lair:2   | Noticed a catoblepas
 18295 | Lair:2   | Killed a catoblepas
 19033 | Lair:3   | Noticed a five-headed hydra
 19038 | Lair:3   | Killed a five-headed hydra
 19428 | Lair:3   | Reached XP level 13. HP: 74/76 MP: 22/25
 20088 | Lair:3   | Reached skill level 11 in Earth Magic
 20497 | Lair:4   | Reached ***** piety under Vehumet
 20521 | Lair:4   | Offered knowledge of Bolt of Fire by Vehumet.
 20529 | Lair:4   | Learned a level 6 spell: Bolt of Fire
 21365 | Lair:4   | Noticed an entropy weaver
 21383 | Lair:4   | Killed an entropy weaver
 21440 | Lair:4   | Noticed an entropy weaver
 21443 | Lair:4   | Killed an entropy weaver
 21596 | Lair:4   | Offered knowledge of Irradiate by Vehumet.
 22726 | Lair:5   | Found a staircase to the Slime Pits.
 22745 | Lair:5   | Gained mutation: Your large and strong wings let you fly
                  | indefinitely. [Gargoyle growth]
 22745 | Lair:5   | Reached XP level 14. HP: 75/84 MP: 19/26
 23127 | Lair:5   | Noticed Snorg
 23132 | Lair:5   | Killed Snorg
 24071 | Lair:6   | Entered Level 6 of the Lair of Beasts
 25036 | Lair:6   | Found a large runed translucent door.
 25036 | Lair:6   | Found a large runed translucent door.
 25042 | Lair:6   | Reached skill level 12 in Earth Magic
 27395 | D:11     | Found a runed translucent door.
 28114 | D:11     | Offered knowledge of Bolt of Cold by Vehumet.
 28780 | D:12     | Reached XP level 15. HP: 92/92 MP: 17/28
 28837 | D:12     | Found Tucvow's Food Shoppe.
 29024 | D:12     | Found a staircase to the Orcish Mines.
 29522 | Orc:1    | Entered Level 1 of the Orcish Mines
 30069 | Orc:1    | Noticed an orc warlord
 30098 | Orc:1    | Killed an orc warlord
 30098 | Orc:1    | Reached ****** piety under Vehumet
 30265 | Orc:1    | Offered knowledge of Ozocubu's Refrigeration by Vehumet.
 30265 | Orc:1    | Reached skill level 10 in Conjurations
 30271 | Orc:1    | Learned a level 3 spell: Conjure Flame
 30706 | Orc:2    | Entered Level 2 of the Orcish Mines
 30706 | Orc:2    | Found a staircase to the Elven Halls.
 30709 | Orc:2    | Found Immog's Antique Weapon Shop.
 30785 | Orc:2    | Found Ecafriso's Antique Weapon Shoppe.
 30802 | Orc:2    | Found a roughly hewn altar of Beogh.
 30818 | Orc:2    | Noticed Azrael
 31011 | Orc:2    | Killed Azrael
 31011 | Orc:2    | Reached skill level 10 in Fighting
 31048 | Orc:2    | Noticed Sonja
 31055 | Orc:2    | Killed Sonja
 31699 | Orc:2    | Found Saughut's Distillery.
 31699 | Orc:2    | Found Dyop's Antique Armour Emporium.
 31717 | Orc:2    | Paralysed by an orc sorcerer for 6 turns
 31743 | Orc:2    | Bought a glowing buckler for 255 gold pieces
 31793 | Orc:2    | Bought a potion of flight for 39 gold pieces
 31827 | Orc:2    | Found a roughly hewn altar of Beogh.
 32244 | Orc:2    | Noticed Saint Roka
 33300 | Elf:1    | Entered Level 1 of the Elven Halls
 33313 | Elf:1    | Reached skill level 1 in Shields
 33728 | Elf:1    | Offered knowledge of Poison Arrow by Vehumet.
 34712 | Elf:1    | Reached skill level 10 in Spellcasting
 34855 | Elf:1    | Identified the cursed +0 buckler "Duikabiahus" {rElec
                  | Regen+ Dex-4 Stlth-}
 35099 | Elf:1    | Reached skill level 13 in Earth Magic
 35355 | Elf:1    | Reached XP level 16. HP: 83/98 MP: 25/30
 36361 | Elf:1    | Identified Roxanne's Tome of Changing
 36361 | Elf:1    | Noticed Roxanne
 37198 | Elf:2    | Found a large runed translucent door.
 37198 | Elf:2    | Found a large runed translucent door.
 37224 | Elf:2    | Found a large runed translucent door.
 37224 | Elf:2    | Found a large runed translucent door.
 37449 | Elf:2    | Noticed a deep elf blademaster
 37482 | Elf:2    | Killed a deep elf blademaster
 37908 | Elf:2    | Slain by an ice beast

Levels and vault maps discovered:
D:1:      dpeg_arrival_subterranean_lakeside_camping, layout_basic,
          minmay_door_square, minmay_pentomino_w2
D:2:      layout_basic, lemuel_round_altar, gammafunk_temple_overflow_forgotten,
          minmay_goblin_kobold_house
D:3:      layout_loops_ring, nicolae_overflow_crystal_walls, first_ration,
          moated_statue, uniq_terence
D:4:      layout_loops_ring, enter_ossuary_5, uniq_ijyb, uniq_grinder
D:5:      layout_cave_pools, kennysheep_mini_moat, lemuel_round_altar,
          elyvilon_altar_4, uniq_menkaure
D:6:      layout_loops_ring, serial_shops, nicolae_shop_crystal, uniq_edmund,
          uniq_pikel
D:7:      layout_cave_pods, minmay_temple_entry_glass, grunt_ogre_cave,
          uniq_joseph
D:8:      layout_basic, minmay_overflow_temple_star_quad, uniq_maurice
D:9:      lemuel_bear_cage, layout_stronghold, dpeg_lair_monsters
D:10:     layout_small_grid
D:11:     layout_irregular_city, lightli_airlock
D:12:     layout_long_grid, orc_0_dummy, serial_shops, nicolae_shop_stone
Temple:   jpeg_temple_clearing
Lair:1:   layout_hall_layers, lemuel_fruit_fields, uniq_harold
Lair:2:   layout_roguey, swamp_mist, spider_nest_entry_a, beast_lair_carwin_4
Lair:3:   layout_gridlike, eino_house_with_fridge
Lair:4:   minmay_lair_venomous_thicket, layout_hall_layers, minivault_29,
          grunt_megastairs_1
Lair:5:   nzn_motion_control, layout_hall_layers,
          minmay_slime_entry_jelly_boxes, serial_bayou_lagoon_b, uniq_snorg
Lair:6:   cheibrodos_lair_end_hotspot, layout_hall_layers, serial_bayou_shore_b
Orc:1:    layout_diamond_mine
Orc:2:    grunt_orc_community_town_hall, layout_caves,
          grunt_orc_community_big_house_2, grunt_orc_community_big_house_1,
          grunt_orc_community_house_1, grunt_orc_community_house_2,
          grunt_orc_community_house_3, grunt_orc_community_house_3,
          grunt_orc_community_house_2, serial_shops, nicolae_shop_crystal, shop,
          shop, shop, shop, basic_altar, uniq_azrael, uniq_sonja
Elf:1:    eino_elf_arrival_sip, layout_gridlike, minivault_28, uniq_roxanne
Elf:2:    layout_onion_city, david_defended_altar_elf

Skill      XL: |  1  2  3  4  5  6  7  8  9 10 11 12 13 14 15 16 |
---------------+-------------------------------------------------+-----
Earth Magic    | 4 5 6 7 8 9 10 11 12 13 | 13.3
Spellcasting   | 3 4 5 6 7 8 9 10 | 10.3
Fighting       | 1 3 4 5 6 7 8 9 10 | 10.8
Maces & Flails | 1 2 3 4 5 6 7 8 9 |  9.9
Armour         | 1 3 5 6 |  6.0
Dodging        | 2 3 4 5 6 7 8 |  8.6
Conjurations   | 1 3 4 5 6 7 8 9 10 | 10.9
Fire Magic     | 1 2 3 4 5 6 7 8 9 |  9.8
Evocations     | 1 2 3 4 5 6 7 8 9 |  9.1
Shields        | 3 4 |  4.0
Stealth        | |  2.1
Transmutations | |  0.7

Action                   |  1- 3 |  4- 6 |  7- 9 | 10-12 | 13-15 | 16-18 || total
-------------------------+-------+-------+-------+-------+-------+-------++-------
Melee: Dagger            |    30 |   174 |   151 |       |       |       ||   355
       Whip              |   160 |    59 |    32 |       |       |       ||   251
       Flail             |       |       |    75 |   175 |   573 |     5 ||   828
       Mace              |       |       |       |       |    20 |     3 ||    23
 Cast: Sandblast         |     8 |    57 |    35 |   180 |   275 |       ||   555
       Stone Arrow       |       |     4 |    64 |    21 |   527 |   146 ||   762
       Flame Tongue      |       |       |    68 |       |       |       ||    68
       Lee's Rapid Decon |       |       |     2 |       |    24 |     3 ||    29
       Throw Flame       |       |       |    66 |       |       |       ||    66
       Sticky Flame      |       |       |       |    45 |    48 |     3 ||    96
       Bolt of Magma     |       |       |       |    44 |    63 |     3 ||   110
 Abil: Fly               |       |       |       |       |     1 |       ||     1
Evoke: Wand              |       |       |       |       |     4 |       ||     4
  Use: Scroll            |       |     7 |    11 |    11 |    15 |     1 ||    45
       Potion            |       |       |     1 |     1 |     1 |     1 ||     4
 Stab: Sleeping          |     5 |     3 |     2 |       |     2 |       ||    12
  Eat: Chunk             |     4 |     8 |    12 |    22 |    33 |     2 ||    81
       Ration            |       |       |     4 |     6 |    11 |     2 ||    23
Armor: Robe              |    66 |   105 |   144 |    58 |       |       ||   373
       Leather armour    |       |       |       |    74 |   316 |       ||   390
       Steam dragon scal |       |       |       |       |   214 |    50 ||   264
Dodge: Dodged            |   108 |   149 |   227 |   234 |   718 |    34 ||  1470
Block: Other             |       |    10 |    20 |    25 |    22 |       ||    77
       Reflection        |       |       |     3 |       |       |     3 ||     6
       Buckler           |       |       |       |       |     8 |    17 ||    25

Table legend:
 A = Non-vault XP
 B = Vault XP
 C = Vault XP percentage of total XP
 D = Non-vault monster count
 E = Vault monster count
 F = Vault count percentage of total count
                 A         B        C        D         E       F
            +---------+---------+-------+---------+---------+-------
      Total |   95058 |   57495 |  37.7 |     545 |     237 |  30.3
            +---------+---------+-------+---------+---------+-------
        D:1 |      35 |      12 |  25.5 |      20 |       8 |  28.6
        D:2 |      83 |      10 |  10.8 |      18 |       5 |  21.7
        D:3 |     132 |       0 |   0.0 |      24 |       0 |   0.0
        D:4 |     409 |     306 |  42.8 |      19 |       2 |   9.5
        D:5 |     405 |     175 |  30.2 |      10 |       1 |   9.1
        D:6 |     930 |     851 |  47.8 |      19 |       2 |   9.5
        D:7 |    1166 |     568 |  32.8 |      16 |       2 |  11.1
        D:8 |     765 |    1756 |  69.7 |      18 |       2 |  10.0
        D:9 |    3557 |    1060 |  23.0 |      25 |       3 |  10.7
       D:10 |    3638 |       0 |   0.0 |      38 |       0 |   0.0
       D:11 |    5291 |    2455 |  31.7 |      33 |      11 |  25.0
       D:12 |    7068 |       0 |   0.0 |      54 |       0 |   0.0
     Lair:1 |    1824 |     976 |  34.9 |      11 |       1 |   8.3
     Lair:2 |   10252 |     852 |   7.7 |      36 |       5 |  12.2
     Lair:3 |    5105 |     837 |  14.1 |      16 |      12 |  42.9
     Lair:4 |    5358 |   10277 |  65.7 |      23 |      58 |  71.6
     Lair:5 |    5982 |    4643 |  43.7 |      26 |      19 |  42.2
     Lair:6 |    5527 |    7936 |  58.9 |      18 |      27 |  60.0
      Orc:1 |    4396 |     333 |   7.0 |      44 |       2 |   4.3
      Orc:2 |    4285 |    4763 |  52.6 |      26 |      41 |  61.2
      Elf:1 |   26406 |    8838 |  25.1 |      46 |      13 |  22.0
      Elf:2 |    2444 |   10593 |  81.3 |       5 |      11 |  68.8
    Ossuary |       0 |     254 | 100.0 |       0 |      12 | 100.0
            +---------+---------+-------+---------+---------+-------
